 Dungeon Sprint DCSS version 0.21.2 (webtiles) character file.

4100000 Fang the Axe Maniac (level 25, -41/234 HPs)
             Began as a Demonspawn Gladiator on Jan 17, 2019.
             Was the Champion of Makhleb.
             Annihilated by a destroyer
             ... wielding a +9 great sword of slicing
              (200 damage)
             ... in the Dungeon (Sprint VIII: "Arena of Blood").
             The game lasted 00:03:29 (41 turns).

Fang the Axe Maniac (Demonspawn Gladiator)            Turns: 41, Time: 00:03:29

Health: -41/234    AC:  8    Str: 23    XL:     25   Next: 79%
Magic:  0/54       EV: 32    Int: 12    God:    Makhleb [******]
Gold:   0          SH:  8    Dex: 16    Spells: 78/78 levels left

rFire    + . .     SeeInvis .   l - +∞ Axe of Woe
rCold    . . .     Gourm    .   (shield currently unavailable)
rNeg     . . .     Faith    .   b - +0 leather armour
rPois    .         Spirit   +   c - +0 helmet
rElec    .         Reflect  .   (no cloak)
rCorr    .         Harm     .   (no gloves)
MR       +....     NoTele   +   (boots unavailable)
Stlth    +++++++++.             (no amulet)
HPRegen  0.49/turn              (no ring)
MPRegen  0.68/turn              (no ring)

@: no status effects
A: hooves 3, large bone plates 3, fire resistance 1, hurl damnation, spiny 3,
magic shield, magic regeneration, flame cloud immunity
a: Hurl Damnation, Minor Destruction, Lesser Servant of Makhleb, Major
Destruction, Greater Servant of Makhleb, Renounce Religion


You were in the Dungeon.
You worshipped Makhleb.
Makhleb was exalted by your worship.
You were not hungry.

You visited 1 branch

Inventory:

Hand Weapons
 l - the +∞ Axe of Woe (weapon)
   (You found it in the Dungeon)
Missiles
 d - 3 throwing nets (quivered)
Armour
 b - a +0 leather armour (worn)
 c - a +0 helmet (worn)
Scrolls
 k - a scroll of blinking
Potions
 e - a potion of curing
 g - a potion of heal wounds
 h - a potion of haste
 i - 2 potions of magic
 j - a potion of berserk rage
Comestibles
 f - a ration


   Skills:
 O Level 27 Fighting
 O Level 27 Axes
 O Level 27 Throwing
 O Level 27 Armour
 O Level 27 Dodging
 O Level 27 Stealth
 O Level 27 Unarmed Combat
 O Level 27 Spellcasting
 O Level 27 Invocations


You had 78 spell levels left.
You didn't know any spells.

Dungeon Overview and Level Annotations

Branches:
Dungeon (1/1)

Altars:
Makhleb

Annotations:
D The Servant


Innate Abilities, Weirdness & Mutations

You have hooves in place of feet.
You are completely covered in large bone plates. (SH +8)
Your flesh is heat resistant. (rF+)
You can hurl damnation.
You are completely covered in sharp spines.
When hurt, damage is shared between your health and your magic reserves.
You regenerate magic rapidly.
You are immune to clouds of flame.


Message History

A demon appears!
You hear a shout! x4
The eight-headed meat hydra calls on the powers of darkness!
The eight-headed meat hydra convulses!
The meat berserker convulses!
The large bag of meat convulses!
The bag of meat convulses! x4
The meat berserker convulses!
The bag of meat convulses!
Your body is wracked with pain!
The bag of meat convulses! x5
The Servant convulses!
The bag of meat convulses!
The destroyer blinks!
The bag of meat is engulfed in blazing flames. x2
You hear a shout!
The destroyer is engulfed in blazing flames.
The bag of meat is engulfed in blazing flames.
The bag of meat is struck by your spines.
You kill the bag of meat!
Makhleb accepts your kill.
You feel better.
The destroyer is engulfed in blazing flames.
The destroyer hits you with a +9 great sword of slicing!!!!!
Ouch! That really hurt!
You die...

#... ...# . #...
...# %.o.. ..###...
.%.###...o.
.......###..§....o..
......))_......Oo.o.
#...).#.§..D..#
#_)<§§#§§OV..%%
..#..)§)#VV%%%.#.
......)_§1§@oOo...%
......###o§o§§o...#
..###....%@V###.....
. #...§...# ....
#.O.....# ...
......... ..
........... .
..........


You could see The Servant, an eight-headed meat hydra, 4 destroyers, 2 large
bags of meat, 2 meat berserkers, 10 bags of meat and a friendly Executioner.

Vanquished Creatures
  3 vampire knights (D)
  16 ogres (D)
  5 two-headed ogres (D)
  30 orcs (D)
54 creatures vanquished.

Notes
Turn   | Place    | Note
-------+----------+-------------------------------------------
     0 | D        | Found the +∞ Axe of Woe
     0 | D        | Fang the Demonspawn Gladiator began the quest for the Orb.
     0 | D        | Reached XP level 1. HP: 16/16 MP: 1/1
     3 | D        | Noticed a bag of meat
     3 | D        | Noticed a bag of meat
     5 | D        | Became a worshipper of Makhleb the Destroyer
     9 | D        | Noticed a meat berserker
     9 | D        | Noticed a meat berserker
     9 | D        | Noticed a bag of meat
     9 | D        | Killed a bag of meat
     9 | D        | Reached skill level 10 in Fighting
     9 | D        | Gained mutation: You have large cloven feet. [demonic ancestry]
     9 | D        | Reached XP level 2. HP: 36/36 MP: 2/2
     9 | D        | Gained mutation: When hurt, damage is shared between your health and your magic reserves. [demonic ancestry]
     9 | D        | Reached XP level 3. HP: 42/42 MP: 3/3
     9 | D        | Reached XP level 4. HP: 49/49 MP: 4/4
     9 | D        | Reached XP level 5. HP: 54/54 MP: 5/5
     9 | D        | Gained mutation: You have hoof-like feet. [demonic ancestry]
     9 | D        | Reached XP level 6. HP: 61/61 MP: 6/6
     9 | D        | Reached XP level 7. HP: 67/67 MP: 7/7
     9 | D        | Reached XP level 8. HP: 74/74 MP: 8/8
     9 | D        | Gained mutation: You have hooves in place of feet. [demonic ancestry]
     9 | D        | Reached XP level 9. HP: 79/79 MP: 9/9
     9 | D        | Reached XP level 10. HP: 86/86 MP: 10/10
     9 | D        | Gained mutation: You are partially covered in large bone plates. (SH +4) [demonic ancestry]
     9 | D        | Reached XP level 11. HP: 92/92 MP: 11/11
    11 | D        | Noticed a bag of meat
    11 | D        | Noticed a bag of meat
    11 | D        | Killed a meat berserker
    11 | D        | Reached * piety under Makhleb
    11 | D        | Gained mutation: You are mostly covered in large bone plates. (SH +6) [demonic ancestry]
    11 | D        | Reached XP level 12. HP: 69/106 MP: 7/12
    11 | D        | Gained mutation: You are partially covered in sharp spines. [demonic ancestry]
    11 | D        | Reached XP level 13. HP: 72/112 MP: 7/13
    11 | D        | Killed a bag of meat
    11 | D        | Reached XP level 14. HP: 78/121 MP: 7/14
    12 | D        | Noticed a bag of meat
    12 | D        | Noticed a meat berserker
    13 | D        | Noticed a bag of meat
    13 | D        | Noticed a meat berserker
    13 | D        | Killed a bag of meat
    13 | D        | Reached skill level 15 in Fighting
    13 | D        | Killed a meat berserker
    13 | D        | Reached ** piety under Makhleb
    13 | D        | Gained mutation: Your flesh is heat resistant. (rF+) [demonic ancestry]
    13 | D        | Reached XP level 15. HP: 79/133 MP: 6/15
    14 | D        | Noticed a meat berserker
    16 | D        | Noticed a large bag of meat
    16 | D        | Killed a meat berserker
    16 | D        | Reached skill level 15 in Throwing
    16 | D        | Gained mutation: You are mostly covered in sharp spines. [demonic ancestry]
    16 | D        | Reached XP level 16. HP: 139/143 MP: 4/16
    16 | D        | Killed a meat berserker
    16 | D        | Reached skill level 27 in Axes
    16 | D        | Reached skill level 27 in Dodging
    17 | D        | Noticed a meat berserker
    17 | D        | Noticed a meat berserker
    17 | D        | Killed a meat berserker
    17 | D        | Reached *** piety under Makhleb
    17 | D        | Reached XP level 17. HP: 164/164 MP: 4/17
    19 | D        | Killed a meat berserker
    19 | D        | Reached skill level 27 in Fighting
    19 | D        | Gained mutation: You are immune to clouds of flame. [demonic ancestry]
    19 | D        | Reached XP level 18. HP: 182/182 MP: 5/18
    19 | D        | Killed a meat berserker
    19 | D        | Reached **** piety under Makhleb
    19 | D        | Reached skill level 27 in Throwing
    21 | D        | Noticed a meat berserker
    22 | D        | Noticed a meat berserker
    22 | D        | Noticed a large bag of meat
    23 | D        | Noticed a destroyer
    23 | D        | Gained mutation: You regenerate magic rapidly. [demonic ancestry]
    23 | D        | Reached XP level 19. HP: 185/189 MP: 4/19
    23 | D        | Reached ***** piety under Makhleb
    24 | D        | Noticed a meat berserker
    25 | D        | Noticed a meat berserker
    25 | D        | Noticed a meat berserker
    25 | D        | Noticed a large bag of meat
    26 | D        | Killed a meat berserker
    26 | D        | Reached skill level 27 in Armour
    26 | D        | Gained mutation: You are completely covered in sharp spines. [demonic ancestry]
    26 | D        | Reached XP level 20. HP: 157/197 MP: 3/35
    26 | D        | Killed a meat berserker
    26 | D        | Reached skill level 15 in Stealth
    28 | D        | Noticed a large bag of meat
    28 | D        | Reached skill level 15 in Unarmed Combat
    28 | D        | Reached skill level 15 in Spellcasting
    28 | D        | Killed a destroyer
    28 | D        | Reached XP level 21. HP: 204/204 MP: 4/44
    28 | D        | Killed a large bag of meat
    28 | D        | Reached ****** piety under Makhleb
    28 | D        | Reached skill level 27 in Invocations
    29 | D        | Noticed a destroyer
    29 | D        | Noticed a large bag of meat
    29 | D        | Gained mutation: You are completely covered in large bone plates. (SH +8) [demonic ancestry]
    29 | D        | Reached XP level 22. HP: 212/212 MP: 4/50
    29 | D        | Killed a large bag of meat
    29 | D        | Reached skill level 27 in Stealth
    30 | D        | Reached skill level 27 in Unarmed Combat
    30 | D        | Reached skill level 27 in Spellcasting
    31 | D        | Noticed The Servant
    31 | D        | Reached XP level 23. HP: 219/219 MP: 5/54
    32 | D        | Killed a large bag of meat
    33 | D        | Noticed a large bag of meat
    34 | D        | Noticed a destroyer
    34 | D        | Gained mutation: You can hurl damnation. [demonic ancestry]
    34 | D        | Reached XP level 24. HP: 227/227 MP: 7/54
    34 | D        | Killed a destroyer
    36 | D        | Noticed a destroyer
    36 | D        | Noticed a destroyer
    36 | D        | Noticed a destroyer
    38 | D        | Killed a large bag of meat
    38 | D        | Reached XP level 25. HP: 108/234 MP: 2/54
    38 | D        | Killed a destroyer
    38 | D        | Noticed a destroyer
    39 | D        | Noticed a large bag of meat
    39 | D        | HP: 9/234 [bag of meat/+9 war axe (24)]
    40 | D        | Killed a large bag of meat
    41 | D        | Annihilated by a destroyer

Skill      XL: |  1  2  3  4  5  6  7  8  9 10 11 12 13 14 15 16 17 18 19 20 21 22 |
---------------+-------------------------------------------------------------------+-----
Fighting       | 10 13 14 16 18 23 27 | 27.0
Axes           | 16 20 21 24 26 27 | 27.0
Throwing       | 9 11 12 14 15 20 24 27 | 27.0
Dodging        | 16 19 21 23 25 27 | 27.0
Armour         | 4 6 21 27 | 27.0
Stealth        | 11 20 25 27 | 27.0
Unarmed Combat | 11 19 24 27 | 27.0
Spellcasting   | 11 19 24 27 | 27.0
Invocations    | 14 25 27 | 27.0

Action                   |  1- 3 |  4- 6 |  7- 9 | 10-12 | 13-15 | 16-18 | 19-21 | 22-24 | 25-27 || total
-------------------------+-------+-------+-------+-------+-------+-------+-------+-------+-------++-------
Melee: Executioner's axe |     1 |       |       |     1 |     2 |     3 |     3 |     8 |     1 ||    19
Invok: Greater Servant o |       |       |       |       |       |       |       |       |     1 ||     1
 Abil: Hurl Damnation    |       |       |       |       |       |       |       |     1 |       ||     1
Dodge: Dodged            |       |       |       |       |       |     2 |     1 |       |     1 ||     4
